 Dungeon Crawl Stone Soup version 0.29.1-2-gbd0b4ee654 (webtiles) character file.

Game seed: 9254187967277432256

97104 warriortoast the Sorcerer (level 15, -13/84 HPs)
             Began as a Deep Elf Conjurer on Oct 25, 2022.
             Was a High Priest of Sif Muna.
             Mangled by a ghost moth (19 damage)
             ... led by a torpor snail
             ... while paralysed
             ... on level 1 of the Spider Nest.
             The game lasted 02:16:50 (38436 turns).

warriortoast the Sorcerer (Deep Elf Conjurer)      Turns: 38436, Time: 02:16:50

Health: -13/84     AC: 13    Str:  0 (6)  XL:     15   Next: 71%
Magic:  10/43      EV:  2    Int: 29      God:    Sif Muna [*****.]
Gold:   1548       SH:  0    Dex: 12 (13) Spells: 33/59 levels left

rFire   + . .      SeeInvis .   Q - staff of conjuration
rCold   . . .      Faith    .   (no shield)
rNeg    . . .      Spirit   .   a - +2 robe {Will+}
rPois   .          Reflect  +   S - +0 hat {Will+}
rElec   .          Harm     +   V - +2 cloak
rCorr   .          Rampage  .   G - +4 pair of gloves "Xires" {Harm}
Will    +++..                   t - +0 pair of boots
Stlth   ++........              A - amulet of reflection
HPRegen 0.00/turn               u - ring of wizardry
MPRegen 0.28/turn               w - ring of protection from fire

@: paralysed, channelling, inhibited regen, slowed, lost strength
A: no striking features
a: Renounce Religion, Channel Magic, Forget Spell, Divine Exegesis


You were on level 1 of the Spider Nest.
You worshipped Sif Muna.
Sif Muna was extremely pleased with you.
You visited 5 branches of the dungeon, and saw 23 of its levels.
You also visited: Ossuary and Volcano.

You collected 2370 gold pieces.
You spent 822 gold pieces at shops.

Inventory:

Hand Weapons
 s - a +1 short sword
Missiles
 p - 7 throwing nets
Armour
 a - a +2 robe of willpower (worn)
 b - a +1 pair of gloves
 l - a +2 robe of cold resistance
 t - a +0 pair of boots (worn)
 G - the +4 pair of gloves "Xires" (worn) {Harm}
   (You found it on level 5 of the Dungeon)

   Harm:      It increases damage dealt and taken.
 S - a +0 hat of willpower (worn)
 V - a +2 cloak (worn)
Magical Staves
 Q - a staff of conjuration (weapon)
Jewellery
 q - a ring of willpower
 u - a ring of wizardry (left hand)
 w - a ring of protection from fire (right hand)
 A - an amulet of reflection (around neck)
 F - an amulet of faith
 J - a ring of flight
 M - a ring of wizardry
 U - a ring of protection from cold
Wands
 c - a wand of polymorph (3)
 r - a wand of flame (27)
 D - a wand of iceblast (23)
 I - a wand of charming (25)
 R - a wand of light (18)
Scrolls
 e - 10 scrolls of fog
 f - 5 scrolls of noise
 n - 3 scrolls of identify
 y - 4 scrolls of brand weapon
 B - 6 scrolls of enchant armour
 E - 2 scrolls of torment
 H - 3 scrolls of amnesia
 K - 6 scrolls of teleportation
 N - 2 scrolls of magic mapping
 T - a scroll of silence
 W - 2 scrolls of enchant weapon
 Z - 2 scrolls of fear
Potions
 d - 3 potions of invisibility
 g - 12 potions of curing
 j - 4 potions of berserk rage
 k - 7 potions of lignification
 m - 4 potions of haste
 o - 3 potions of brilliance
 v - 2 potions of cancellation
 x - 5 potions of flight
 z - 6 potions of heal wounds
 C - 4 potions of ambrosia
 L - a potion of magic
 O - 4 potions of might
 P - a potion of resistance


   Skills:
 - Level 6.0 Fighting
 - Level 8.0 Dodging
 - Level 2.5 Stealth
 + Level 22.9 Spellcasting
 - Level 15.0 Conjurations
 - Level 8.0 Hexes
 - Level 8.0 Summonings
 - Level 5.0 Translocations
 - Level 10.0 Invocations
 - Level 7.0 Evocations


You had 33 spell levels left.
You knew the following spells:

 Your Spells              Type           Power      Damage    Failure   Level
a - Magic Dart            Conj           100%       1d8       0%          1
b - Dazzling Flash        Conj/Hex       100%       N/A       1%          3
c - Fulminant Prism       Conj/Hex       50%        3d23      1%          4
d - Iskenderun's Mystic   Conj/Tloc      95%        2d18      1%          4
e - Orb of Destruction    Conj           55%        9d14      1%          7
f - Spellforged Servitor  Conj/Summ      50%        N/A       3%          7

Your spell library contained the following spells:

 Spells                   Type           Power      Damage    Failure   Level
 Searing Ray              Conj           100%       2d8       0%          2
 Foxfire                  Conj/Fire      100%       2x1d9     1%          1
 Summon Small Mammal      Summ           100%       N/A       1%          1
 Call Canine Familiar     Summ           68%        N/A       1%          3
 Confusing Touch          Hex            68%        N/A       1%          3
 Conjure Flame            Conj/Fire      86%        6-21      1%          3
 Gell's Gravitas          Tloc           58%        N/A       1%          3
 Inner Flame              Hex/Fire       54%        N/A       1%          3
 Stone Arrow              Conj/Erth      100%       3d13      1%          3
 Summon Guardian Golem    Hex/Summ       68%        N/A       1%          3
 Teleport Other           Tloc           58%        N/A       1%          3
 Tukima's Dance           Hex            68%        N/A       1%          3
 Animate Armour           Summ/Erth      100%       N/A       1%          4
 Flame Wave               Conj/Fire      86%        2d18      1%          4
 Hailstorm                Conj/Ice       86%        3d17      1%          4
 Passage of Golubria      Tloc           58%        N/A       1%          4
 Sticky Flame             Conj/Fire      86%        2d10      1%          4
 Summon Lightning Spire   Summ/Air       54%        N/A       1%          4
 Freezing Cloud           Conj/Ice/Air   38%        6-21      1%          5
 Silence                  Hex/Air        27%        N/A       2%          5
 Yara's Violent Unravell  Hex/Tmut       27%        3d12      2%          5
 Ice Form                 Ice/Tmut       33%        N/A       4%          4
 Dispersal                Tloc           29%        N/A       9%          6
 Enfeeble                 Hex            34%        N/A       13%         7
 Simulacrum               Ice/Necr       16%        N/A       50%         6
 Summon Horrible Things   Summ           34%        N/A       65%         8
 Lehudib's Crystal Spear  Conj/Erth      43%        10d10     73%         8
 Maxwell's Capacitive Co  Air            16%        ∞         100%        8
 Dragon's Call            Summ           34%        N/A       100%        9
 Polar Vortex             Ice            16%        N/A       100%        9


Dungeon Overview and Level Annotations

Branches:
Dungeon (14/15)            Temple (1/1) D:6            Lair (5/5) D:10
 Shoals (0/4) Lair:2       Spider (1/4) Lair:2        Slime (0/5) Lair:5
    Orc (2/2) D:10            Elf (0/3) Orc:2        Vaults (0/5) D:14
Ossuary (visited)         Volcano (visited)

Altars:
Ashenzari
Cheibriados
Dithmenos
Elyvilon
Fedhas
Gozag
Hepliaklqana
Kikubaaqudgha
Makhleb
Nemelex Xobeh
Okawaru
Qazlal
Ru
Sif Muna
Trog
Uskayaw
Vehumet
Wu Jian
Xom
Yredelemnul
Zin
The Shining One
Jiyva

Shops:
D:3 *   D:6 [   D:10 [   D:14 (?   Orc:1 :   Orc:2 =*=[

Annotations:
D:2 Sigmund
D:14 Azrael
Spider:1 exclusion: pharaoh ant


Message History

Something hits you but does no damage. x2; Something stings you!
You feel weakened.
Something hits you but does no damage. x2; Something barely misses you.
Okay, then.
Something hits you!
You feel clumsy. Something hits you!
You feel weakened.
Something stings you but does no damage.
Your fulminant prism crackles loudly.
You hit something but do no damage.
You feel you are being watched by something.
You feel your power leaking away. Something hits you!
You feel weakened. Something hits you but does no damage.
Something completely misses you.
Your fulminant prism explodes!
The blast of energy engulfs something!!
You feel you are being watched by something.
You feel your power leaking away. Something completely misses you.
Something hits you.
You feel weakened. Something stings you.
You feel weakened.
You hear a faint skittering sound.
Okay, then.
As you read the scroll of summoning, it crumbles to dust.
Wisps of shadow whirl around you... Something hits you.
* * * LOW HITPOINT WARNING * * *
Something closely misses you. Something barely misses you.
You swap places.
Your tarantella touches something!!
Something hits you!
* * * LOW HITPOINT WARNING * * *
You feel weakened.
You have lost your strength.
Something hits you!
* * * LOW HITPOINT WARNING * * *
Something stings you but does no damage.
Your tarantella completely misses something.
Your redback bites something but does no damage.
Something hits you!
You die...

# #####
##.#.#s###
#...s{s#.#
##..sB@s.###
#..###s.#>#
#.. #.....##
## ####...#
##...####
#....#..#
####...##
##.#..###
#.[...#.#


You could see a friendly demonic crawler (summoned), a friendly orb spider
(summoned), a friendly pharaoh ant (summoned), 2 friendly tarantellas and 2
friendly redbacks.

Vanquished Creatures
  Gastronok (Lair:3)
  Nessos (D:14)
  A dire elephant (Lair:5)
  Harold (Lair:2)
  Fannar (Orc:1)
  4 vault guards (D:14)
  3 boulder beetles
  3 centaur warriors
  6 hydras
  Erica (Lair:1)
  2 catoblepae (Lair:5)
  An ogre mage (D:11)
  A deep troll shaman (Lair:5)
  A tengu warrior (D:14)
  10 two-headed ogres
  4 death yaks (Lair:5)
  Urug (Lair:5)
  Sonja (Lair:2)
  3 orc high priests (Orc:2)
  Nergalle (Lair:2)
  3 skeletal warriors (D:12)
  2 pharaoh ants (Spider:1)
  A steelbarb worm (Spider:1)
  3 orc knights (Orc:2)
  2 deep elf pyromancers
  3 orc sorcerers (Orc:2)
  2 ugly things
  A manticore (Lair:2)
  3 cyclopes
  4 wolf spiders
  A moth of wrath (Spider:1)
  7 black mambas
  4 elephants (Lair:5)
  4 molten gargoyles (Volcano)
  2 gargoyles (D:12)
  2 torpor snails
  7 rime drakes
  Psyche (D:11)
  4 efreet
  13 cane toads
  An unseen horror (D:10)
  13 komodo dragons
  3 meliai (Spider:1)
  6 trolls
  5 tarantellas (Spider:1)
  2 polar bears (Lair:5)
  The ghost of Oddbjorg the Chiller, an amateur DgIE (D:5)
  11 blink frogs
  7 dream sheep (Lair:4)
  A wind drake (Lair:2)
  19 slime creatures
  2 shadows (D:11)
  5 jumping spiders (Spider:1)
  A centaur simulacrum (D:13)
  3 wraiths
  5 culicivoras (Spider:1)
  3 vampires
  6 fire elementals
  A wyvern (D:10)
  65 yaks
  A basilisk (D:14)
  3 water elementals (D:12)
  A yak (shapeshifter) (D:14)
  Grum (D:11)
  11 redbacks (Spider:1)
  12 vampire mosquitoes
  A steam dragon (D:6)
  A warg (Orc:2)
  2 acid dragons
  12 water moccasins
  Duvessa (D:5)
  5 black bears
  16 orc warriors
  3 ice beasts
  6 ogres
  20 wolves
  3 centaurs
  A phantom (D:7)
  4 kobold brigands
  2 earth elementals (Volcano)
  3 elf zombies (Ossuary)
  14 bullfrogs
  A gnoll sergeant (D:6)
  6 scorpions
  14 wights
  Dowan (D:5)
  6 killer bees (D:7)
  4 electric eels (D:12)
  9 howler monkeys
  8 centaur zombies
  5 hounds
  3 jellies
  A gnoll bouda (D:8)
  16 orc priests
  2 human zombies (Ossuary)
  Natasha (thrice) (D:2)
  31 orc wizards
  2 mummies (Ossuary)
  13 gnolls
  7 adders
  4 white imps
  2 ufetubi
  2 adder zombies (Ossuary)
  A worm zombie (D:4)
  5 worms
  A dart slug (D:3)
  64 orcs
  5 bats
  2 endoplasms
  7 giant cockroaches
  13 goblins
  7 hobgoblins
  31 kobolds
  3 quokkas
  10 ball pythons
  4 frilled lizards
  11 hobgoblin zombies (Ossuary)
  3 kobold zombies (Ossuary)
  10 orc zombies (Ossuary)
  5 rats (D:1)
  2 rat zombies (Ossuary)
  2 butterflies
  A fire vortex (Volcano)
  A fulminant prism (Lair:1)
727 creatures vanquished.

Vanquished Creatures (collateral kills)
  An orc knight (Orc:2)
  2 lindwurms (Volcano)
3 creatures vanquished.

Vanquished Creatures (others)
  An orc (Orc:1)
  2 bushes (Lair:5)
  A fire vortex (Volcano)
  244 fulminant prisms
  14 fungi
  78 plants
  5 withered plants (D:11)
345 creatures vanquished.

Grand Total: 1075 creatures vanquished

Notes
Turn   | Place    | Note
-------+----------+-------------------------------------------
     0 | D:1      | warriortoast the Deep Elf Conjurer began the quest for the
                  | Orb.
     0 | D:1      | Reached XP level 1. HP: 10/10 MP: 6/6
   193 | D:1      | Reached XP level 2. HP: 15/15 MP: 5/8
   513 | D:1      | You fall into a shaft and drop 1 floor!
   663 | D:2      | Reached skill level 4 in Spellcasting
   663 | D:2      | Reached XP level 3. HP: 19/19 MP: 6/10
   667 | D:2      | Learned a level 3 spell: Dazzling Flash
   737 | D:2      | Reached skill level 5 in Conjurations
   800 | D:2      | Noticed Natasha
   805 | D:2      | Killed Natasha
  1101 | D:2      | Reached XP level 4. HP: 24/24 MP: 9/12
  1657 | D:2      | Noticed Natasha
  1662 | D:2      | Killed Natasha
  1663 | D:2      | Reached skill level 5 in Spellcasting
  1740 | D:2      | Noticed Natasha
  1743 | D:2      | Killed Natasha
  1744 | D:2      | Reached XP level 5. HP: 28/28 MP: 6/14
  1876 | D:2      | Noticed Sigmund
  2050 | D:3      | Noticed a black bear
  2269 | D:3      | Learned a level 4 spell: Fulminant Prism
  2274 | D:3      | Learned a level 4 spell: Iskenderun's Mystic Blast
  2580 | D:3      | Found Biga's General Store.
  2590 | D:3      | Bought a potion of flight for 33 gold pieces
  2590 | D:3      | Bought a potion of heal wounds for 55 gold pieces
  2590 | D:3      | Bought a scroll of identify for 22 gold pieces
  3332 | D:3      | Killed a black bear
  3333 | D:3      | Reached skill level 6 in Spellcasting
  3333 | D:3      | Reached XP level 6. HP: 32/32 MP: 9/17
  3898 | D:4      | Found a sand-covered staircase.
  3922 | Ossuary  | Entered an ossuary
  4578 | Ossuary  | Reached XP level 7. HP: 11/36 MP: 14/19
  4629 | Ossuary  | Reached skill level 7 in Spellcasting
  5238 | D:4      | Reached skill level 5 in Hexes
  6123 | D:5      | Entered Level 5 of the Dungeon
  6159 | D:5      | Reached skill level 8 in Spellcasting
  6159 | D:5      | Reached XP level 8. HP: 41/41 MP: 9/22
  6262 | D:5      | Noticed Duvessa
  6274 | D:5      | Killed Duvessa
  6275 | D:5      | Reached skill level 1 in Translocations
  6277 | D:5      | Noticed Dowan
  6284 | D:5      | Killed Dowan
  6702 | D:5      | Found a runed translucent gate.
  6702 | D:5      | Found a runed translucent gate.
  6702 | D:5      | Found a runed translucent gate.
  6704 | D:5      | Noticed Oddbjorg's ghost (amateur DgIE)
  7079 | D:5      | Found an ancient bone altar of Kikubaaqudgha.
  7080 | D:5      | Identified the +4 pair of gloves "Xires" {Harm}
  7345 | D:5      | Reached skill level 9 in Spellcasting
  7549 | D:5      | Killed Oddbjorg's ghost
  7804 | D:6      | Reached XP level 9. HP: 45/45 MP: 18/24
  8037 | D:6      | Found Waosudeah's Antique Armour Emporium.
  8180 | D:6      | Found a staircase to the Ecumenical Temple.
  8194 | Temple   | Entered the Ecumenical Temple
  8397 | Temple   | Became a worshipper of Sif Muna the Loreminder
  8472 | D:6      | Identified the +9 sling "Huh Umij" {flame, rElec}
  9058 | D:6      | Reached skill level 10 in Spellcasting
  9289 | D:7      | Reached skill level 5 in Translocations
  9291 | D:7      | Reached skill level 1 in Fighting
 10270 | D:7      | Reached XP level 10. HP: 54/54 MP: 22/26
 10414 | D:7      | Reached * piety under Sif Muna
 11007 | D:8      | Found a blossoming altar of Fedhas.
 11062 | D:8      | Reached skill level 5 in Dodging
 11062 | D:8      | Reached skill level 10 in Conjurations
 11075 | D:8      | Reached skill level 11 in Spellcasting
 11491 | D:8      | Reached skill level 1 in Evocations
 12024 | D:9      | Found a stormy altar of Qazlal.
 12340 | D:9      | Reached ** piety under Sif Muna
 12643 | D:9      | Found a sparkling altar of Nemelex Xobeh.
 12643 | D:9      | Found a radiant altar of Vehumet.
 12644 | D:9      | Found a sacrificial altar of Ru.
 13300 | D:10     | Entered Level 10 of the Dungeon
 13308 | D:10     | Reached XP level 11. HP: 55/61 MP: 18/28
 13336 | D:10     | Reached skill level 12 in Spellcasting
 13827 | D:10     | Reached *** piety under Sif Muna
 14475 | D:10     | Noticed a two-headed ogre
 14478 | D:10     | Killed a two-headed ogre
 14826 | D:10     | Found Liutekk's Antique Armour Shop.
 14833 | D:10     | Bought a faintly humming robe for 125 gold pieces
 14833 | D:10     | Identified the +2 robe "Wocviw Ekkuu" {Regen+} (You bought
                  | it in a shop on level 10 of the Dungeon)
 14906 | D:10     | Reached skill level 5 in Evocations
 15238 | D:10     | Found a staircase to the Orcish Mines.
 15346 | D:10     | Found a staircase to the Lair.
 15445 | Lair:1   | Entered Level 1 of the Lair of Beasts
 15454 | Lair:1   | Reached skill level 5 in Fighting
 15599 | Lair:1   | Noticed Erica
 15606 | Lair:1   | Killed Erica
 15607 | Lair:1   | Reached skill level 13 in Spellcasting
 16183 | Lair:1   | Noticed a wolf spider
 16191 | Lair:1   | Killed a wolf spider
 16518 | Lair:1   | You fall into a shaft and drop 1 floor!
 16573 | Lair:2   | Noticed Sonja
 16580 | Lair:2   | Killed Sonja
 16609 | Lair:2   | Learned a level 7 spell: Orb of Destruction
 16665 | Lair:2   | Reached **** piety under Sif Muna
 16666 | Lair:2   | Reached XP level 12. HP: 70/70 MP: 10/31
 16904 | Lair:2   | Reached skill level 14 in Spellcasting
 17111 | Lair:2   | Noticed a boulder beetle
 17447 | Lair:1   | Noticed a five-headed hydra
 17472 | Lair:1   | Killed a five-headed hydra
 17974 | Lair:2   | Noticed Harold
 17986 | Lair:2   | Killed Harold
 18120 | Lair:2   | Reached skill level 15 in Spellcasting
 18296 | Lair:2   | Killed a boulder beetle
 18563 | Lair:2   | Noticed Nergalle
 18566 | Lair:2   | Killed Nergalle
 18800 | Lair:2   | Found a staircase to the Shoals.
 18823 | Lair:2   | Found a hole to the Spider Nest.
 19133 | Spider:1 | Entered Level 1 of the Spider Nest
 19161 | Lair:3   | Noticed Gastronok
 19166 | Lair:3   | Killed Gastronok
 19289 | Lair:3   | Reached skill level 15 in Conjurations
 19293 | Lair:3   | Reached skill level 1 in Invocations
 19483 | Lair:3   | Noticed a six-headed hydra
 19490 | Lair:3   | Killed a six-headed hydra
 19694 | Lair:3   | Reached XP level 13. HP: 74/74 MP: 17/34
 20846 | Lair:4   | Reached ***** piety under Sif Muna
 20963 | Lair:4   | Reached skill level 16 in Spellcasting
 20981 | Lair:4   | Reached skill level 5 in Invocations
 22143 | Lair:5   | Entered Level 5 of the Lair of Beasts
 22599 | Lair:5   | Noticed a dire elephant
 22945 | Lair:5   | Received a gift from Sif Muna
 22946 | Lair:5   | Reached skill level 17 in Spellcasting
 23302 | Lair:5   | Learned a level 7 spell: Spellforged Servitor
 23381 | Lair:5   | Reached skill level 1 in Summonings
 23715 | Lair:5   | Noticed Urug
 23721 | Lair:5   | Killed Urug
 24194 | Lair:5   | Reached skill level 18 in Spellcasting
 24431 | Lair:5   | Killed a dire elephant
 24700 | Lair:5   | Found a viscous altar of Jiyva.
 24700 | Lair:5   | Found a staircase to the Slime Pits.
 24852 | Lair:5   | Reached XP level 14. HP: 80/80 MP: 18/38
 24891 | Lair:5   | Reached skill level 5 in Summonings
 25426 | Orc:1    | Entered Level 1 of the Orcish Mines
 25706 | Orc:1    | Noticed Fannar
 25729 | Orc:1    | Killed Fannar
 26080 | Orc:2    | Entered Level 2 of the Orcish Mines
 26114 | Orc:2    | Found a dark tunnel.
 26123 | Volcano  | Entered a volcano
 26984 | Volcano  | Reached skill level 19 in Spellcasting
 27623 | Orc:2    | Found a staircase to the Elven Halls.
 28055 | Orc:2    | Received a gift from Sif Muna
 28061 | Orc:2    | Got Sif Muna's Quarto of the Commander and Conflagration
                  | {god gift}
 28644 | Orc:2    | Found Wabaawaa's General Store.
 28644 | Orc:2    | Found Letzohot's Jewellery Boutique.
 28646 | Orc:2    | Found Koilir's Armour Emporium.
 28646 | Orc:2    | Found Kausatur's Jewellery Boutique.
 28652 | Orc:2    | Bought a potion of heal wounds for 80 gold pieces
 28652 | Orc:2    | Bought a scroll of identify for 32 gold pieces
 28652 | Orc:2    | Bought a potion of flight for 48 gold pieces
 28807 | Orc:1    | Found a burning altar of Makhleb.
 29019 | Orc:1    | Found Paremeg's Book Boutique.
 29315 | D:11     | Reached skill level 20 in Spellcasting
 29863 | D:11     | Found a frozen archway.
 30607 | D:11     | Noticed Grum
 30609 | D:11     | Killed Grum
 30992 | D:11     | Noticed Psyche
 30994 | D:11     | Killed Psyche
 31301 | D:12     | Received a gift from Sif Muna
 31828 | D:12     | Reached XP level 15. HP: 84/84 MP: 14/41
 33130 | D:12     | Reached skill level 21 in Spellcasting
 34709 | D:14     | Found Wejodwoak's Magic Scroll Boutique.
 34712 | D:14     | Bought a scroll of enchant armour for 105 gold pieces
 34712 | D:14     | Bought a scroll of brand weapon for 133 gold pieces
 34712 | D:14     | Bought a scroll of fear for 56 gold pieces
 34712 | D:14     | Bought a scroll of torment for 133 gold pieces
 34741 | D:14     | Found a gate to the Vaults.
 35064 | D:14     | Reached skill level 10 in Invocations
 35276 | D:14     | Found Fevoesche's Antique Weapon Shoppe.
 35311 | D:14     | Noticed Nessos
 35773 | D:14     | Killed Nessos
 36030 | D:14     | Noticed Azrael
 36439 | Spider:1 | Reached skill level 22 in Spellcasting
 36579 | Spider:1 | Received a gift from Sif Muna
 36580 | Spider:1 | Got Buischoirr's Reference Book on Windy Summoning {god
                  | gift}
 38435 | Spider:1 | Lost strength.
 38436 | Spider:1 | Mangled by a ghost moth

Illustrated notes

Levels and vault maps discovered:
D:1:      minmay_arrival_doors, layout_basic, minmay_pentomino_q4
D:2:      layout_basic, hellmonk_ecumenical_altar_inner_sanctum,
          grunt_ministairs_11, uniq_sigmund, uniq_natasha
D:3:      cheibrodos_helix_gallery, layout_loops_ring, serial_shops,
          nicolae_lakefront_shop, minmay_hedge_maze
D:4:      layout_gridville, enter_ossuary_3
D:5:      layout_loops_ring, mainiacjoe_overflow_tiny_flanked,
          gammafunk_ghost_nasty_kobolds, uniq_duvessa
D:6:      layout_cave_pods, minmay_temple_entry_butterflies, serial_shops,
          nicolae_lakefront_shop, minmay_circle_x
D:7:      layout_layer_cave
D:8:      layout_basic, fedhas_ov_isle_minmay
D:9:      layout_loops_ring, nicolae_qazlal_general_emergency,
          nicolae_overflow_hidden_temple
D:10:     layout_basic, lair_entry_dummy, hiddenorc1_lemuel, serial_shops,
          shop_fountains
D:11:     layout_cave_pods, serial_undead, serial_undead_b, serial_undead_a,
          serial_undead_d, serial_undead_b, serial_undead_e,
          portal_ice_cave_rime, minivault_22, uniq_psyche, uniq_grum
D:12:     layout_basic, grunt_ministairs_3, minmay_fractal_squares_gapless_7
D:13:     layout_roguey, nicolae_elevator_lobby_asterisk
D:14:     layout_loops_ring, lightli_vaults_fourway_checkpoint,
          serial_bayou_shore_b, serial_shops, nicolae_shop_stone, shop,
          minmay_misc_feat_diagonals, uniq_nessos, uniq_azrael
Temple:   eino_temple_scatter_basement
Lair:1:   cheibrodos_lair_river_kwai, layout_regular_city, serial_bayou_pond_e,
          nicolae_lair_run_with_the_wolves, serial_bayou_shore_a,
          lemuel_fruit_tree, uniq_erica
Lair:2:   layout_hall_layers, minmay_shoals_entry_beasts,
          nicolae_spider_entry_non_spiders, uniq_nergalle, uniq_sonja,
          uniq_harold
Lair:3:   layout_loops_ring, serial_bayou_shore_b, infiniplex_staircase_pool_2,
          uniq_gastronok
Lair:4:   layout_roguey, grunt_megastairs_3, lemuel_fruit_fields,
          serial_bayou_shore_b
Lair:5:   grunt_lair_end_beastmaster, layout_hall_layers,
          dpeg_slime_entry_enclosed, st_stairs_8, nicolae_lair_grazing_beasts
          [nicolae_sub_lair_graze_edge, nicolae_sub_lair_graze_edge,
          nicolae_sub_lair_graze_edge, nicolae_sub_lair_graze_edge], uniq_urug
Spider:1: layout_spider_delve
Orc:1:    layout_caves, serial_shops, nicolae_shop_hallway_plus, bloody_makhleb,
          uniq_fannar
Orc:2:    grunt_orc_tribal_feast, layout_diamond_mine,
          nicolae_volcano_entry_lava_flow

Skill      XL: |  1  2  3  4  5  6  7  8  9 10 11 12 13 14 15 |
---------------+----------------------------------------------+-----
Spellcasting   | 4 5 6 8 9 10 11 13 15 18 20 22 | 22.9
Conjurations   | 5 6 7 8 9 10 12 15 | 15.0
Hexes          | 2 3 5 7 8 |  8.0
Translocations | 3 5 |  5.0
Dodging        | 4 6 8 |  8.0
Fighting       | 2 4 6 |  6.0
Evocations     | 3 5 6 7 |  7.0
Invocations    | 2 7 8 10 | 10.0
Summonings     | 4 8 |  8.0
Stealth        | |  2.5

Action                   |  1- 3 |  4- 6 |  7- 9 | 10-12 | 13-15 || total
-------------------------+-------+-------+-------+-------+-------++-------
Melee: Unarmed           |       |     6 |       |       |       ||     6
       Short sword       |       |     2 |       |       |       ||     2
       Staff             |       |       |       |     2 |     2 ||     4
 Cast: Magic Dart        |    48 |   191 |   139 |   270 |   165 ||   813
       Fulminant Prism   |       |     5 |    60 |    86 |    94 ||   245
       Iskenderun's Myst |       |       |     4 |    95 |   109 ||   208
       Orb of Destructio |       |       |       |     6 |   178 ||   184
       Spellforged Servi |       |       |       |       |     2 ||     2
Invok: Channel Magic     |       |       |       |       |     4 ||     4
Evoke: Wand              |       |       |       |       |     3 ||     3
  Use: Scroll            |       |    11 |     1 |     6 |    12 ||    30
       Potion            |       |     1 |       |     1 |       ||     2
Armor: Robe              |     1 |    23 |     6 |    11 |    21 ||    62
Dodge: Dodged            |     5 |    36 |     8 |    25 |    45 ||   119
Block: Other             |       |       |       |     8 |    15 ||    23
       Reflection        |       |       |       |     1 |     8 ||     9
